 Dungeon Crawl Stone Soup version 0.12.2-14-g7c90c79 (webtiles) character file.

150 MarVin the Shield-Bearer (level 4, 32/36 HPs)
             Began as a Demonspawn Fighter on Aug 4, 2013.
             Quit the game on Level 3 of the Dungeon.
             The game lasted 00:05:12 (1913 turns).

MarVin the Shield-Bearer (Demonspawn Fighter)       Turns: 1913, Time: 00:05:12

HP  32/36        AC  7     Str 17      XL: 4   Next:  0%
MP   3/3         EV  5     Int  9      God:
Gold 83          SH 18     Dex 13      Spells:  0 memorised,  3 levels left

Res.Fire  : . . .   See Invis. : .   a - +0 hand axe {=f}
Res.Cold  : . . .   Warding    : .   b - +0 scale mail
Life Prot.: . . .   Conserve   : .   c - +0 shield
Res.Poison: .       Res.Corr.  : .   n - +0 helmet
Res.Elec. : .       Clarity    : .   (no cloak)
Sust.Abil.: . .     Spirit.Shd : .   (no gloves)
Res.Mut.  : .       Stasis     : .   (no boots)
Res.Rott. : .       Ctrl.Telep.: .   (no amulet)
Saprovore : . . .   Flight     : .   (no ring)
                                     (no ring)

@: slightly resistant to hostile enchantments, extremely unstealthy
A: claws 1
a: no special abilities


You were on level 3 of the Dungeon.
You were very hungry.

You visited 1 branch of the dungeon, and saw 3 of its levels.

You collected 63 gold pieces.

Inventory:

Hand weapons
 a - a +0,+0 hand axe (weapon) {=f}
Armour
 b - a +0 scale mail (worn)
 c - a +0 shield (worn)
 n - a +0 helmet (worn)
Comestibles
 d - 3 bread rations
 f - a beef jerky
Scrolls
 h - 2 scrolls of remove curse {unknown}
 i - a scroll of identify {unknown}
 j - a scroll of enchant weapon I {unknown}
 l - a scroll of recharging {unknown}
Jewellery
 k - an uncursed ring of flight {unknown}
Potions
 e - 3 potions of heal wounds {unknown}
 g - 2 potions of curing {unknown}
 m - a potion of resistance {unknown}
 o - a potion of magic {unknown}
 p - a potion of agility {unknown}
 q - a potion of brilliance {unknown}


   Skills:
 - Level 3.2 Fighting
 + Level 2.6 Axes
 - Level 3.0 Armour
 - Level 0.1 Dodging
 + Level 3.4 Shields
 - Level 0.1 Traps


You had 3 spell levels left.
You didn't know any spells.

Dungeon Overview and Level Annotations

Branches:
Dungeon (3/27)

Altars:
Vehumet


Innate Abilities, Weirdness & Mutations

You have sharp fingernails.


Message History

You kill the bat!
You now have 83 gold pieces (gained 12).
HP restored.
A goblin comes into view.
Found a scroll labeled THRAKE RECAHEECW.
The goblin hits you but does no damage.
You hit the goblin but do no damage. The goblin hits you but does no damage.
You closely miss the goblin. The goblin hits you.
You block the goblin's attack.
You barely miss the goblin. The goblin barely misses you.
You hit the goblin but do no damage. The goblin barely misses you.
You hit the goblin.
You kill the goblin!
You have reached level 4!
You feel monstrous as your demonic heritage exerts itself.
Your demonic ancestry asserts itself...
Your fingernails lengthen.
You feel agile.
You see here a goblin corpse.
Are you sure you want to abandon this character and quit the game? (Confirm with "yes".)

...#.#.#......# #..............
...#.#.#.#.########...#..........
...#.#.#.#.#......(..............
.....#.###.#.###########.........
.................................
........>........................
............^.............####...
....................##### #..
................@...#
....................#
+#..................?...
...........##.##........
.#.###.........+........
..............##.......
......#..###..##...... ......#..
#..... .......... #..


There were no monsters in sight!

Vanquished Creatures
  2 adders
  A giant mite (D:2)
  A worm (D:3)
  An ooze (D:2)
  4 bats
  2 giant cockroaches (D:2)
  4 hobgoblins
  2 ball pythons
  A giant newt (D:1)
  8 goblins
  6 kobolds
  4 rats (D:2)
36 creatures vanquished.

Vanquished Creatures (others)
  A quokka (D:2)
1 creature vanquished.

Grand Total: 37 creatures vanquished

Notes
Turn   | Place    | Note
--------------------------------------------------------------
     0 | D:1      | MarVin, the Demonspawn Fighter, began the quest for the Orb.
     0 | D:1      | Reached XP level 1. HP: 18/18 MP: 0/0
   752 | D:2      | Reached XP level 2. HP: 18/24 MP: 1/1
  1023 | D:2      | Reached XP level 3. HP: 20/30 MP: 2/2
  1090 | D:2      | Found a radiant altar of Vehumet.
  1911 | D:3      | Gained mutation: You have sharp fingernails. [demonic ancestry]
  1911 | D:3      | Reached XP level 4. HP: 32/36 MP: 3/3
  1913 | D:3      | Quit the game

Action                   |  1- 3 |  4- 6 || total
-------------------------+-------+-------++-------
Melee: Hand axe          |   177 |       ||   177
